 Dungeon Crawl Stone Soup version 0.31-a0-819-gf6de2f5ab6 (webtiles) character file.

Game seed: 17246713873449385407

386 qw the Shooter (level 6, -3/38 HPs)
             Began as a Gargoyle Hunter on Sept 23, 2023.
             Slain by a gnoll
             ... wielding a +0 halberd
              (8 damage)
             ... on level 4 of the Dungeon.
             The game lasted 00:01:14 (2870 turns).

qw the Shooter (Gargoyle Hunter)                    Turns: 2870, Time: 00:01:15

Health: -3/38      AC: 15    Str: 15    XL:     6   Next: 78%
Magic:  6/6        EV: 11    Int:  9    God:
Gold:   154        SH:  0    Dex: 15    Spells: 5/5 levels left

rFire   . . .        Y - +0 shortbow
rCold   + . .        (shield currently unavailable)
rNeg    + + .        a - +0 ring mail {rC+}
rPois   inf          f - +0 helmet
rElec   +            l - +0 cloak
rCorr   .            (no gloves)
SInv    .            (no boots)
Will    .....        (no amulet)
Stlth   +            b - ring of positive energy
HPRegen 0.26/turn    j - +4 ring of protection
MPRegen 0.10/turn

%: no passive effects
@: no status effects
A: sickness immunity, AC +4, negative energy resistance 1, electricity
resistance, torment resistance 1, petrification resistance
a: no special abilities


You were on level 4 of the Dungeon.
You visited 1 branch of the dungeon, and saw 4 of its levels.

You collected 154 gold pieces.


Innate Abilities, Weirdness & Mutations

You are immune to sickness and miasma.
Your stone body is resilient. (AC +4)
You are immune to poison.
You resist negative energy. (rN+)
You are resistant to electric shocks. (rElec)
You are resistant to unholy torment.
You are immune to petrification.


   Skills:
 - Level 4.2 Fighting
 + Level 6.9 Ranged Weapons
 - Level 1.4 Armour
 - Level 1.5 Dodging
 - Level 1.1 Stealth


You had 5 spell levels left.
You didn't know any spells.
Your spell library was empty.

Inventory:

Hand Weapons
 Y - a +0 shortbow (weapon)
Armour
 a - a +0 ring mail of cold resistance (worn)
 f - a +0 helmet (worn)
 l - a +0 cloak (worn)
Jewellery
 b - a ring of positive energy (left hand)
 j - a +4 ring of protection (right hand)
Wands
 m - a wand of digging (5)
Scrolls
 e - a scroll of identify
Potions
 c - a potion of brilliance {unknown}
 d - a potion of might
 g - a potion of invisibility {unknown}
 h - a potion of enlightenment {unknown}
 i - a potion of haste
 k - 2 potions of curing
 n - a potion of degeneration {unknown}

Dungeon Overview and Level Annotations

Branches:
Dungeon (4/15)
 Temple: D:4-7

Altars:
Hepliaklqana
Xom

Shops:
D:1 =


Message History

You shoot an arrow. The arrow hits the gnoll.
You kill the gnoll!
The gnoll hits you from afar with a +2 spear of venom.
The gnoll closely misses you.
You shoot an arrow. The arrow barely misses the gnoll.
The gnoll barely misses you. The gnoll hits you but does no damage.
The gnoll barely misses you. The gnoll hits you but does no damage.
You shoot an arrow. The arrow barely misses the gnoll.
The gnoll hits you but does no damage.
The gnoll hits you from afar with a +0 halberd.
You shoot an arrow. The arrow hits the gnoll!
The gnoll is severely wounded.
The gnoll hits you from afar with a +2 spear of venom.
The gnoll hits you but does no damage.
You shoot an arrow. The arrow hits the gnoll.
The gnoll is severely wounded.
The gnoll closely misses you.
The gnoll hits you from afar with a +0 halberd!
You shoot an arrow. The arrow barely misses the gnoll.
The gnoll hits you from afar with a +2 spear of venom.
The gnoll closely misses you.
You shoot an arrow. The arrow closely misses the gnoll.
The gnoll hits you from afar with a +2 spear of venom.
The gnoll closely misses you.
You shoot an arrow. The arrow barely misses the gnoll.
The gnoll hits you but does no damage. The gnoll barely misses you.
The gnoll closely misses you.
The gnoll hits you from afar with a +2 spear of venom.
You shoot an arrow. The arrow hits the gnoll!
You kill the gnoll!
The gnoll closely misses you.
You shoot an arrow. The arrow hits the gnoll.
The gnoll is moderately wounded.
The gnoll closely misses you.
You shoot an arrow. The arrow hits the gnoll!
The gnoll is almost dead.
The gnoll barely misses you.
You shoot an arrow. The arrow closely misses the gnoll.
The gnoll hits you from afar with a +0 halberd!
You die...

##.#
.......<....#
#.#
##########.##
#.# # ### #.#
#. ####.# #..
.....# ..$.
###### .....
.....
.....g########
#####
.....))@.....#
###
.....<######.#
..# ..... #.#
#.# .... #.#
#.## ### #.#
...###### #.#
.#...<..# #.#
...####.# #.#
#.## #.# #.#


You could see a gnoll.

Vanquished Creatures
  A scorpion (D:3)
  A hound (D:4)
  An orc priest (D:3)
  A sleepcap (D:3)
  2 orc wizards (D:3)
  7 gnolls
  3 adders
  An ufetubus (D:4)
  A worm (D:3)
  A dart slug (D:3)
  10 orcs
  5 bats
  5 endoplasms
  5 goblins
  9 hobgoblins
  8 jackals
  2 quokkas
  12 ball pythons
  2 frilled lizards
  4 kobolds
  4 rats
85 creatures vanquished.

Notes
Turn   | Place    | Note
-------+----------+-------------------------------------------
     0 | D:1      | qw the Gargoyle Hunter began the quest for the Orb.
     0 | D:1      | Reached XP level 1. HP: 12/12 MP: 1/1
     0 | D:1      | 0 ||| qw: Version: 0.3-a-83-gcd0e7d8
     0 | D:1      | 0 ||| qw: Game counter: 1607
     0 | D:1      | 0 ||| qw: Melee chars always use a shield: true
     0 | D:1      | 0 ||| qw: God list: Okawaru
     0 | D:1      | 0 ||| qw: Allow faded altars: false
     0 | D:1      | 0 ||| qw: Do Orc after clearing Dungeon:15 true
     0 | D:1      | 0 ||| qw: Do second Lair branch before Depths: true
     0 | D:1      | 0 ||| qw: Lair rune preference: random
     0 | D:1      | 0 ||| qw: Goals: Normal
     0 | D:1      | 0 ||| PLANNING D:1-11
    87 | D:1      | Reached XP level 2. HP: 17/17 MP: 2/2
   359 | D:1      | Found Kuaror's Jewellery Boutique.
   471 | D:1      | 471 ||| SHOPLISTING +6 ring of dexterity (504 gold, have
                  | 39).
   471 | D:1      | 471 ||| SHOPLISTING amulet of Weqod {Reflect Will- rCorr
                  | Int+5 SH+5} (684 gold, have 39).
   471 | D:1      | 471 ||| SHOPLISTING amulet of the acrobat (420 gold, have
                  | 39).
   661 | D:1      | 661 ||| UPGRADING to +0 ring mail.
   671 | D:1      | 671 ||| DROPPING +0 leather armour.
   672 | D:1      | 672 ||| UPGRADING to +0 helmet.
   677 | D:1      | 677 ||| DROPPING ring of flight.
   678 | D:1      | 678 ||| READING scroll labelled SUWKIKLOVU.
   679 | D:1      | 679 ||| READING scroll labelled MUGUECV PITU.
   680 | D:1      | 680 ||| READING scroll labelled COZ BEJILEFFAY.
   683 | D:1      | 683 ||| READING scroll labelled REIRIR QEROI.
   684 | D:1      | 684 ||| DRINKING 2 bubbling black potions.
   685 | D:1      | 685 ||| DROPPING scroll of butterflies.
   704 | D:2      | 704 ||| STAIRDANCE
   727 | D:2      | Reached XP level 3. HP: 21/21 MP: 3/3
   733 | D:2      | Reached skill level 1 in Armour
  1067 | D:2      | Reached skill level 5 in Ranged Weapons
  1213 | D:2      | Reached XP level 4. HP: 27/27 MP: 4/4
  1222 | D:2      | Reached skill level 3 in Fighting
  1224 | D:2      | HP: 3/28 [gnoll/+0 halberd (8)]
  1225 | D:2      | 1225 ||| READING scroll of teleportation.
  1226 | D:2      | 1226 ||| DRINKING potion of heal wounds.
  1489 | D:2      | 1489 ||| UPGRADING to ring of positive energy.
  1490 | D:2      | 1490 ||| READING scroll labelled LUIMAMY UJEADGH.
  1547 | D:3      | Reached XP level 5. HP: 15/32 MP: 5/5
  1573 | D:3      | 1573 ||| FLEEEEING.
  1574 | D:3      | 1574 ||| STAIRDANCE
  1684 | D:3      | You fall into a shaft and drop 1 floor!
  1726 | D:4      | 1726 ||| UPGRADING to +0 ring mail of cold resistance.
  1736 | D:4      | 1736 ||| DROPPING +0 ring mail.
  1765 | D:3      | Reached skill level 6 in Ranged Weapons
  1854 | D:3      | Found a shimmering altar of Xom.
  1855 | D:3      | Found a hazy altar of Hepliaklqana.
  1856 | D:3      | Noticed a spectral ugly thing
  2083 | D:3      | Reached XP level 6. HP: 38/38 MP: 6/6
  2460 | D:3      | 2460 ||| UPGRADING to +0 cloak.
  2465 | D:3      | 2465 ||| UPGRADING to +4 ring of protection.
  2466 | D:3      | 2466 ||| READING 2 scrolls labelled CEBLUL LOVOQA.
  2467 | D:3      | 2467 ||| DRINKING 2 bubbling silvery potions.
  2468 | D:3      | 2468 ||| DRINKING 2 blue potions.
  2469 | D:3      | 2469 ||| DRINKING 2 bubbling inky potions.
  2865 | D:4      | HP: 9/38 [gnoll/+2 spear of venom (2)]
  2866 | D:4      | HP: 4/38 [gnoll/+2 spear of venom (5)]
  2870 | D:4      | Slain by a gnoll

Levels and vault maps discovered:
D:1:      amcnicky_arrival_flooded_fountain, layout_loops_ring, serial_shops,
          nicolae_shop_tiny_glass
D:2:      layout_loops_corners, kennysheep_pointless_box
D:3:      layout_basic, regret_index_temple_of_mockery, grunt_decor_resistance,
          minivault_5
D:4:      layout_loops_ring

Skill      XL: |  1  2  3  4  5 |
---------------+----------------+-----
Armour         | 1 |  1.4
Ranged Weapons | 5 6 |  6.9
Fighting       | 3 4 |  4.2
Dodging        | |  1.5
Stealth        | |  1.1

Action                     |  1- 3 |  4- 6 || total
---------------------------+-------+-------++-------
   Fire: Shortbow          |    88 |   222 ||   310
    Use: Scroll            |     4 |     3 ||     7
         Potion            |     1 |     4 ||     5
 Armour: Leather armour    |    10 |       ||    10
         Ring mail         |    14 |   145 ||   159
  Dodge: Dodged            |    22 |   111 ||   133

Table legend:
 A = Non-vault XP
 B = Vault XP
 C = Vault XP percentage of total XP
 D = Non-vault monster count
 E = Vault monster count
 F = Vault count percentage of total count
                 A         B        C        D         E       F
            +---------+---------+-------+---------+---------+-------
      Total |     552 |       0 |   0.0 |      85 |       0 |   0.0
            +---------+---------+-------+---------+---------+-------
        D:1 |      29 |       0 |   0.0 |      18 |       0 |   0.0
        D:2 |     102 |       0 |   0.0 |      23 |       0 |   0.0
        D:3 |     303 |       0 |   0.0 |      32 |       0 |   0.0
        D:4 |     118 |       0 |   0.0 |      12 |       0 |   0.0
            +---------+---------+-------+---------+---------+-------
